 Dungeon Crawl Stone Soup version 0.27-a0-637-g3a9f0a9c12 (webtiles) character file.

Game seed: 12778540310690155605

870 Essalna the Magician (level 8, -6/57 HPs)
             Began as a Gnoll Hedge Wizard on Mar 14, 2021.
             Mangled by hemabe71's ghost (11 damage)
             ... on level 6 of the Dungeon.
             The game lasted 00:17:58 (8542 turns).

Essalna the Magician (Gnoll Hedge Wizard)           Turns: 8542, Time: 00:17:58

Health: -6/57      AC:  4    Str: 11    XL:     8   Next: 3%
Magic:  14/19      EV: 13    Int: 15    God:
Gold:   173        SH:  0    Dex: 11    Spells: 13/22 levels left

rFire    + . .     SeeInvis .   a - +0 dagger
rCold    + + .     Faith    .   (no shield)
rNeg     . . .     Spirit   .   b - +0 robe
rPois    .         Reflect  .   c - +0 hat
rElec    .         Harm     .   q - scarf {rC+ rF+}
rCorr    .         Rampage  .   j - +1 pair of gloves
Will     .....                  (no boots)
Stlth    +++.......             (no amulet)
HPRegen  0.19/turn              s - +4 ring of slaying
MPRegen  0.16/turn              t - ring of protection from cold

@: confusing by touch, very slightly contaminated
A: fangs 1, strong nose, distributed training
a: no special abilities


You were on level 6 of the Dungeon.
You visited 1 branch of the dungeon, and saw 6 of its levels.

You collected 173 gold pieces.

Inventory:

Hand Weapons
 a - a +0 dagger (weapon)
Missiles
 f - 46 poisoned darts
Armour
 b - a +0 robe (worn)
 c - a +0 hat (worn)
 j - a +1 pair of gloves (worn)
 q - a scarf of resistance (worn)
Jewellery
 s - a +4 ring of slaying (right hand)
 t - a ring of protection from cold (left hand)
 u - a ring of protection from cold
Scrolls
 e - 10 scrolls of identify {unknown}
 g - a scroll of blinking
 h - a scroll of immolation {unknown}
 k - 3 scrolls of teleportation {unknown}
 l - 2 scrolls of noise {unknown}
 o - 2 scrolls of random uselessness {unknown}
 r - a scroll of amnesia {unknown}
 w - a scroll of enchant weapon {unknown}
Potions
 i - 3 potions of curing {unknown}
 m - 3 potions of heal wounds {unknown}
 n - 2 potions of brilliance {unknown}
 p - a potion of flight {unknown}
 v - a potion of invisibility {unknown}


   Skills:
 + Level 2.9 Fighting
 + Level 2.9 Short Blades
 + Level 2.9 Long Blades
 + Level 2.9 Axes
 + Level 2.9 Maces & Flails
 + Level 2.9 Polearms
 + Level 2.9 Staves
 + Level 2.9 Slings
 + Level 2.9 Bows
 + Level 2.9 Crossbows
 + Level 2.9 Throwing
 + Level 2.9 Armour
 + Level 5.4 Dodging
 + Level 5.1 Stealth
 + Level 2.9 Shields
 + Level 2.9 Unarmed Combat
 + Level 7.7 Spellcasting
 + Level 3.2 Conjurations
 + Level 2.3 Hexes
 + Level 3.2 Summonings
 + Level 2.3 Necromancy
 + Level 3.2 Translocations
 + Level 2.3 Transmutations
 + Level 2.3 Fire Magic
 + Level 2.3 Ice Magic
 + Level 2.3 Air Magic
 + Level 2.3 Earth Magic
 + Level 2.3 Poison Magic
 + Level 3.2 Invocations
 + Level 2.9 Evocations


You had 13 spell levels left.
You knew the following spells:

 Your Spells              Type           Power      Damage    Failure   Level
a - Magic Dart            Conj           60%        1d6       3%          1
b - Call Imp              Summ           15%        N/A       4%          2
c - Mephitic Cloud        Conj/Pois/Air  13%        N/A       12%         3
d - Confusing Touch       Hex            12%        N/A       14%         3

Your spell library contained the following spells:

 Spells                   Type           Power      Damage    Failure   Level
 Summon Small Mammal      Summ           60%        N/A       3%          1
 Corona                   Hex            13%        N/A       4%          1
 Blink                    Tloc           N/A        N/A       4%          2
 Ensorcelled Hibernation  Hex/Ice        24%        N/A       7%          2
 Slow                     Hex            12%        N/A       7%          2
 Call Canine Familiar     Summ           15%        N/A       10%         3
 Conjure Flame            Conj/Fire      14%        6-21      12%         3
 Dazzling Flash           Conj/Hex       28%        N/A       12%         3
 Summon Guardian Golem    Hex/Summ       14%        N/A       12%         3
 Tukima's Dance           Hex            12%        N/A       14%         3
 Summon Ice Beast         Ice/Summ       14%        N/A       36%         4
 Summon Lightning Spire   Summ/Air       14%        N/A       36%         4


Dungeon Overview and Level Annotations

Branches:
Dungeon (6/15)
 Temple: D:4-7

Altars:
Cheibriados
Dithmenos
Hepliaklqana
Kikubaaqudgha
Okawaru
Qazlal
Xom

Annotations:
D:4 Natasha
D:6 1 runed translucent door, hemabe71's ghost, novice HuAr


Innate Abilities, Weirdness & Mutations

You have very sharp teeth.
Your uncanny sense of smell can sniff out nearby items.
Your experience applies equally to all skills.


Message History

Hemabe71's ghost hits you!
You are electrocuted!!
* * * LOW HITPOINT WARNING * * *
You hit hemabe71's ghost but do no damage.
Hemabe71's ghost barely misses you.
You barely miss hemabe71's ghost.
Your hands stop glowing.
Hemabe71's ghost screams, "I'll kill anyone who wants the ORB!"
Hemabe71's ghost hits you!
* * * LOW HITPOINT WARNING * * *
There is a stone staircase leading up here.
You hit hemabe71's ghost.
You bite hemabe71's ghost, but do no damage.
Hemabe71's ghost is lightly damaged.
Casting: Confusing Touch (dangerous; 14% risk of failure)
Confirm with . or Enter, or press ? or * to list all spells.
You miscast Confusing Touch.
You are very lightly contaminated with residual magic.
Nothing appears to happen.
Hemabe71's ghost hits you.
* * * LOW HITPOINT WARNING * * *
Casting: Confusing Touch (dangerous; 14% risk of failure)
Confirm with . or Enter, or press ? or * to list all spells.
Your hands begin to glow red.
Hemabe71's ghost hits you but does no damage.
You hit hemabe71's ghost but do no damage.
You punch hemabe71's ghost, but do no damage.
Hemabe71's ghost is lightly damaged.
Hemabe71's ghost closely misses you.
You barely miss hemabe71's ghost.
Hemabe71's ghost is lightly damaged.
Hemabe71's ghost closely misses you.
You hit hemabe71's ghost but do no damage.
Hemabe71's ghost is lightly damaged.
Hemabe71's ghost misses you.
You hit hemabe71's ghost but do no damage.
Hemabe71's ghost barely misses you.
You hit hemabe71's ghost but do no damage.
Hemabe71's ghost hits you.
* * * LOW HITPOINT WARNING * * *
You are electrocuted!
You die...

###.#
#.#.##########.##.#.#
....# #.......# #.##.#.#
##### ###.###.# #.##.#.#
#######.#.#.# #.##.#.#
#.†.......#.######.##.#.#
#.#####.#.#.#.........#.#
#.# #.#.#.#.####.####.#
#.# #.#.#.W......)....#
#.# #.#.#@#.####.######
#.#####.#W#.#.# #...#
#.......#.#.#.# ###.#
#########.#.#.######.#
#...#........#
#.#.#.######## #######


You could see hemabe71's ghost.

Vanquished Creatures
  An ice beast (D:5)
  2 ogres
  2 bullfrogs (D:6)
  A jelly (D:6)
  3 orc wizards
  3 worker ants
  A hound zombie (D:4)
  Robin (D:4)
  10 adders
  An ufetubus (D:6)
  2 worms
  5 dart slugs
  3 leopard geckos
  10 orcs
  3 ball pythons
  4 giant cockroaches
  10 goblins
  10 hobgoblins
  4 jackals
  3 quokkas
  11 bats
  8 frilled lizards
  11 kobolds
  A leopard gecko skeleton (D:6)
  A leopard gecko zombie (D:3)
  5 rats
116 creatures vanquished.

Vanquished Creatures (collateral kills)
  An ogre (D:5)
  3 hounds
  An iguana (D:5)
  A worker ant (D:6)
  An ufetubus (D:5)
7 creatures vanquished.

Vanquished Creatures (others)
  21 plants (D:2)
21 creatures vanquished.

Grand Total: 144 creatures vanquished

Notes
Turn   | Place    | Note
-------+----------+-------------------------------------------
     0 | D:1      | Essalna the Gnoll Hedge Wizard began the quest for the Orb.
     0 | D:1      | Reached XP level 1. HP: 13/13 MP: 8/8
   176 | D:2      | Reached XP level 2. HP: 8/19 MP: 1/10
   438 | D:2      | Found a shadowy altar of Dithmenos.
   572 | D:2      | Reached XP level 3. HP: 25/25 MP: 8/11
   651 | D:1      | Reached skill level 1 in Invocations
   923 | D:1      | Reached skill level 1 in Fighting
   923 | D:1      | Reached skill level 1 in Short Blades
   923 | D:1      | Reached skill level 1 in Long Blades
   923 | D:1      | Reached skill level 1 in Axes
   923 | D:1      | Reached skill level 1 in Maces & Flails
   923 | D:1      | Reached skill level 1 in Polearms
   923 | D:1      | Reached skill level 1 in Staves
   923 | D:1      | Reached skill level 1 in Slings
   923 | D:1      | Reached skill level 1 in Bows
   923 | D:1      | Reached skill level 1 in Crossbows
   923 | D:1      | Reached skill level 1 in Throwing
   923 | D:1      | Reached skill level 1 in Armour
   923 | D:1      | Reached skill level 1 in Shields
   923 | D:1      | Reached skill level 1 in Unarmed Combat
   923 | D:1      | Reached skill level 1 in Evocations
  1014 | D:1      | Reached XP level 4. HP: 32/32 MP: 1/13
  1981 | D:2      | Reached skill level 1 in Hexes
  1981 | D:2      | Reached skill level 1 in Necromancy
  1981 | D:2      | Reached skill level 1 in Transmutations
  1981 | D:2      | Reached skill level 1 in Fire Magic
  1981 | D:2      | Reached skill level 1 in Ice Magic
  1981 | D:2      | Reached skill level 1 in Air Magic
  1981 | D:2      | Reached skill level 1 in Earth Magic
  1981 | D:2      | Reached skill level 1 in Poison Magic
  2442 | D:3      | Reached XP level 5. HP: 29/37 MP: 7/14
  3035 | D:3      | Found a hazy altar of Hepliaklqana.
  3756 | D:4      | Noticed Robin
  3756 | D:4      | Noticed Natasha
  3823 | D:4      | Learned a level 2 spell: Call Imp
  3852 | D:4      | Noticed an ogre
  4027 | D:3      | Reached XP level 6. HP: 38/44 MP: 5/16
  4239 | D:4      | Reached skill level 5 in Dodging
  4415 | D:4      | Killed Robin
  4416 | D:4      | Found a snail-covered altar of Cheibriados.
  4422 | D:5      | Entered Level 5 of the Dungeon
  4658 | D:5      | Found an ancient bone altar of Kikubaaqudgha.
  4890 | D:5      | Found a stormy altar of Qazlal.
  5009 | D:5      | Reached XP level 7. HP: 50/50 MP: 5/18
  6127 | D:5      | Learned a level 3 spell: Mephitic Cloud
  6503 | D:6      | Reached skill level 5 in Stealth
  6687 | D:6      | Found an iron altar of Okawaru.
  6816 | D:6      | Found a shimmering altar of Xom.
  6871 | D:6      | Found a runed translucent door.
  7473 | D:6      | Noticed hemabe71's ghost (novice HuAr)
  7530 | D:6      | Found a runed translucent door.
  8029 | D:6      | Reached XP level 8. HP: 48/57 MP: 12/19
  8123 | D:5      | Learned a level 3 spell: Confusing Touch
  8542 | D:6      | Mangled by hemabe71's ghost

Illustrated notes

Levels and vault maps discovered:
D:1:      tarquinn_simple_flora_water_a, layout_basic, minmay_misc_feat_rows
D:2:      layout_basic, nicolae_overflow_crystal_walls, serial_bayou,
          serial_bayou_pond_e, serial_bayou_pond_d, serial_bayou_ford_a,
          serial_bayou_lagoon_b
D:3:      layout_loops_cross, nicolae_hepliaklqana_hazy_memory
D:4:      layout_cave_pools, overflow_temple_1_default,
          nicolae_overflow_quartered_altars, cheibriados_altar_1,
          lemuel_temple_firewalk_b, cheibrodos_ashenzari_chains, uniq_robin,
          uniq_natasha
D:5:      layout_gridville, lemuel_coloured_pillars_altar,
          nicolae_qazlal_general_emergency
D:6:      layout_basic, kennysheep_mini, ebering_ghost_sewer_f,
          brannock_xom_greatest_gift

Skill      XL: |  1  2  3  4  5  6  7 |
---------------+----------------------+-----
Conjurations   | 2 3 |  3.2
Summonings     | 2 3 |  3.2
Translocations | 2 3 |  3.2
Invocations    | 1 2 3 |  3.2
Fighting       | 1 2 |  2.9
Short Blades   | 1 2 |  2.9
Long Blades    | 1 2 |  2.9
Axes           | 1 2 |  2.9
Maces & Flails | 1 2 |  2.9
Polearms       | 1 2 |  2.9
Staves         | 1 2 |  2.9
Slings         | 1 2 |  2.9
Bows           | 1 2 |  2.9
Crossbows      | 1 2 |  2.9
Throwing       | 1 2 |  2.9
Armour         | 1 2 |  2.9
Shields        | 1 2 |  2.9
Unarmed Combat | 1 2 |  2.9
Evocations     | 1 2 |  2.9
Hexes          | 1 2 |  2.3
Necromancy     | 1 2 |  2.3
Transmutations | 1 2 |  2.3
Fire Magic     | 1 2 |  2.3
Ice Magic      | 1 2 |  2.3
Air Magic      | 1 2 |  2.3
Earth Magic    | 1 2 |  2.3
Poison Magic   | 1 2 |  2.3
Dodging        | 5 |  5.4
Stealth        | 5 |  5.1
Spellcasting   | |  7.7

Action                   |  1- 3 |  4- 6 |  7- 9 || total
-------------------------+-------+-------+-------++-------
Melee: Dagger            |    16 |    31 |    65 ||   112
       Punch             |     1 |       |     1 ||     2
       Bite              |       |     1 |     5 ||     6
 Cast: Magic Dart        |    79 |   211 |    72 ||   362
       Call Imp          |       |    18 |    25 ||    43
       Mephitic Cloud    |       |       |     2 ||     2
       Confusing Touch   |       |       |     3 ||     3
  Use: Potion            |       |     1 |       ||     1
       Scroll            |       |       |     2 ||     2
 Stab: Confused          |       |       |     2 ||     2
       Sleeping          |       |       |     1 ||     1
Armor: Robe              |     7 |    15 |    21 ||    43
Dodge: Dodged            |    23 |    57 |    70 ||   150

Table legend: (Time is in decaauts)
 A = Elapsed time spent in this place.
 B = Non-inter-level travel time spent in this place.
 C = Inter-level travel time spent in this place.
 D = Time resting spent in this place.
 E = Time spent auto-exploring this place.
 F = Levels seen in this place.
 G = Mean time per level.
                   A        B        C        D        E       F      G
               +--------+--------+--------+--------+--------+-----+--------+
         Total |   8569 |   8192 |    377 |    153 |   7070 |   6 | 1428.2 |
       Dungeon |   8569 |   8192 |    377 |    153 |   7070 |   6 | 1428.2 |
               +--------+--------+--------+--------+--------+-----+--------+

Top non-repeatable levels by time:
     D:6: 2107 daAuts
     D:5: 2005 daAuts
     D:3: 1644 daAuts
     D:2: 1238 daAuts
     D:1: 1165 daAuts
     D:4: 408 daAuts
